Map: Galactic Process LE

Players

SleeplessDad - Winner!

  • Race: Terran Terran
  • League: Platinum

Nickos

  • Race: Terran Terran
  • League: Gold

VOD

Have the link to the VOD?

Description

Time

  • Played on: Sept. 15, 2016, 8:35 a.m.
  • Length: 5:02
Show
View Real Time Build Order
Export as new Build Order

SleeplessDad Terran - Winner!

Build Orders:  

Get SALT Encoding   

  12  0:01  SCV  
  13  0:13  SCV  
  14  0:17  Supply Depot  
  14  0:25  SCV  
  15  0:39  SCV  
  15  0:40  Barracks  
  16  0:46  Refinery  
  16  0:51  SCV  
  17  1:02  Barracks  
  17  1:05  SCV  
  18  1:19  Barracks  
  18  1:25  Refinery  
  18  1:27  SCV  
  18  1:32  Reaper  
  20  1:39  SCV  
  21  1:47  Supply Depot  
  21  1:52  SCV  
  22  1:57  Reaper  
  23  2:09  Reaper, SCV  
  23  2:10  Reaper  
  26  2:28  Supply Depot  
  26  2:31  Orbital Command  
  26  2:35  Reaper  
  27  2:46  Reaper  
  27  2:47  Reaper  
  29  3:07  Reaper  
  30  3:18  Reaper  
  31  3:20  Reaper  
  32  3:39  Reaper  
  32  3:50  Reaper  
  32  3:52  Reaper  
  33  4:12  SCV  
  34  4:24  SCV  
  35  4:36  Factory, SCV  
  35  4:37  Command Center  
  36  4:39  Barracks Tech Lab, Barracks Reactor x2  
Show
View Real Time Build Order
Export as new Build Order

Nickos Terran 

Build Orders: Reaper Expand 

Get SALT Encoding   

  12  0:02  SCV  
  14  0:14  SCV  
  14  0:18  Supply Depot  
  14  0:26  SCV  
  15  0:39  SCV  
  15  0:42  Barracks  
  16  0:45  Refinery  
  16  0:52  SCV  
  17  1:04  SCV  
  18  1:16  SCV  
  19  1:31  Reaper  
  19  1:32  Orbital Command  
  20  1:42  Command Center  
  20  1:57  Supply Depot  
  20  1:59  SCV  
  21  2:04  Barracks  
  21  2:10  Marine  
  21  2:12  SCV  
  23  2:24  SCV  
  24  2:36  SCV  
  25  2:40  Refinery  
  25  2:42  Barracks Reactor  
  25  2:45  Factory  
  25  2:50  SCV  
  26  2:53  Marine  
  26  2:56  Orbital Command  
  27  3:02  SCV  
  28  3:11  Marine  
  28  3:21  SCV x2  
  28  3:22  Marine x2  
  28  3:25  Bunker  
  31  3:28  Marine  
  31  3:33  SCV x2  
  33  3:39  Marine  
  33  3:40  Marine  
  32  3:46  Marine  
  28  3:57  Marine  
  28  3:58  Marine  
  28  4:02  SCV x2  
  29  4:04  Marine  
  24  4:15  Marine  
  24  4:16  SCV x2  
  25  4:17  Marine  
  25  4:22  Marine  
  18  4:33  Marine  
  18  4:35  Marine  
  20  4:40  Marine  
  20  4:48  SCV  
Tags
 
Add a new tag
Caveats
  • Supply blocks, unpowered buildings, or Contaminate may cause inaccurate times.
  • Supply counts are checked every 10 seconds.